2020 views
Uploaded 2024-06-07 07:57:16
Game version 1.36 (6115)
12:46 long 1on1 ladder game on (2)EchoIsles_S2_v2.2
Saved by Dubcherry
2020 views
Uploaded 2024-06-07 07:57:16
Game version 1.36 (6115)
12:46 long 1on1 ladder game on (2)EchoIsles_S2_v2.2

20 units @ 3.1k
/ 0.4k
11 buildings @ 1.8k
/ 0.7k


| Rod of Necromancy | 1 | 150 |
| Ritual Dagger | 1 | 125 |
| Potion of Healing | 1 | 150 |
| total: | 3 | 425g |
| Acolyte | 3 | 225 | / | 0 |
| Ghoul | 8 | 960 | / | 0 |
| Crypt Fiend | 1 | 215 | / | 40 |
| Obsidian Statue | 6 | 1200 | / | 210 |
| Abomination | 2 | 480 | / | 140 |
| total: | 20 | 3080g | / | 390w |
| Spirit Tower | 1 | 145 | / | 40 |
| Altar of Darkness | 1 | 180 | / | 50 |
| Ziggurat | 5 | 750 | / | 250 |
| Crypt | 1 | 200 | / | 50 |
| Tomb of Relics | 1 | 130 | / | 30 |
| Graveyard | 1 | 215 | / | 0 |
| Slaughterhouse | 2 | 280 | / | 270 |
| Halls of the Dead | 1 | 320 | / | 210 |
| Black Citadel | 1 | 325 | / | 230 |
| total: | 11 | 1755g | / | 650w |
| 0:04 | Acolyte |
| 0:07 | Altar of Darkness |
| 0:10 | Ziggurat |
| 0:23 | Crypt |
| 0:43 | Acolyte |
| 1:16 | Ziggurat |
| 1:24 | Tomb of Relics |
| 1:25 | Ghoul |
| 1:34 | Ghoul |
| 2:15 | Ghoul |
| 2:28 | Death Coil |
| 2:39 | Ghoul |
| 3:05 | Halls of the Dead |
| 3:14 | Rod of Necromancy |
| 3:30 | Ghoul |
| 3:36 | Graveyard |
| 3:54 | Ghoul |
| 4:09 | Unholy Aura |
| 4:18 | Ghoul |
| 4:25 | Ziggurat |
| 5:01 | Crypt Fiend |
| 5:17 | Spirit Tower |
| 5:36 | Slaughterhouse |
| 5:39 | Slaughterhouse |
| 6:40 | Obsidian Statue |
| 6:42 | Obsidian Statue |
| 6:51 | Ghoul |
| 6:54 | Black Citadel |
| 7:00 | Ritual Dagger |
| 7:01 | Potion of Healing |
| 7:33 | Obsidian Statue |
| 7:38 | Obsidian Statue |
| 8:10 | Death Coil |
| 8:40 | Obsidian Statue |
| 8:43 | Obsidian Statue |
| 8:48 | Ziggurat |
| 8:52 | Creature Carapace |
| 9:28 | Destroyer Form |
| 9:35 | Acolyte |
| 10:24 | Abomination |
| 10:42 | Frost Nova |
| 10:48 | Abomination |
| 11:26 | Ziggurat |
| Right click | 504 |
| Select | 157 |
| Select group | 56 |
| Build/train/purchase | 43 |
| Assign group | 15 |
| Use ability | 12 |
| Chat | 11 |
| Item give/drop | 1 |
32 units @ 4.4k
/ 0.6k
16 buildings @ 2k
/ 0.9k


| Lesser Clarity Potion | 3 | 210 |
| Scroll of Regeneration | 3 | 300 |
| Scroll of Healing | 1 | 250 |
| Boots of Speed | 1 | 250 |
| Scroll of Protection | 1 | 150 |
| total: | 9 | 1160g |
| Peasant | 16 | 1200 | / | 0 |
| Rifleman | 11 | 2255 | / | 330 |
| Mortar Team | 4 | 720 | / | 280 |
| Forest Troll Shadow Priest | 1 | 195 | / | 10 |
| total: | 32 | 4370g | / | 620w |
| Scout Tower | 1 | 30 | / | 20 |
| Arcane Tower | 1 | 70 | / | 50 |
| Farm | 8 | 640 | / | 160 |
| Altar of Kings | 1 | 180 | / | 50 |
| Blacksmith | 1 | 140 | / | 60 |
| Barracks | 1 | 160 | / | 60 |
| Arcane Vault | 1 | 130 | / | 30 |
| Town Hall | 1 | 385 | / | 205 |
| Arcane Sanctum | 1 | 150 | / | 140 |
| Workshop | 1 | 140 | / | 140 |
| Keep | 1 | 320 | / | 210 |
| total: | 16 | 1955g | / | 865w |
| 0:03 | Peasant |
| 0:03 | Peasant |
| 0:12 | Farm |
| 0:16 | Altar of Kings |
| 0:23 | Peasant |
| 0:45 | Blacksmith |
| 0:53 | Barracks |
| 1:01 | Peasant |
| 1:13 | Farm |
| 1:22 | Peasant |
| 1:34 | Peasant |
| 1:43 | Scout Tower |
| 1:46 | Peasant |
| 2:06 | Rifleman |
| 2:16 | Farm |
| 2:24 | Storm Bolt |
| 2:27 | Rifleman |
| 2:34 | Arcane Tower |
| 2:59 | Farm |
| 3:11 | Rifleman |
| 3:19 | Arcane Vault |
| 3:31 | Rifleman |
| 3:38 | Farm |
| 3:59 | Rifleman |
| 4:03 | Peasant |
| 4:27 | Peasant |
| 4:29 | Farm |
| 4:32 | Lesser Clarity Potion |
| 4:32 | Scroll of Regeneration |
| 4:43 | Thunder Clap |
| 5:08 | Forest Troll Shadow Priest |
| 5:29 | Rifleman |
| 5:32 | Thunder Clap |
| 5:45 | Keep |
| 5:48 | Black Gunpowder |
| 6:36 | Rifleman |
| 6:51 | Boots of Speed |
| 7:00 | Rifleman |
| 7:21 | Rifleman |
| 7:36 | Rifleman |
| 8:02 | Storm Bolt |
| 8:10 | Rifleman |
| 8:16 | Studded Leather Armor |
| 8:21 | Arcane Sanctum |
| 8:36 | Scroll of Regeneration |
| 8:37 | Lesser Clarity Potion |
| 8:39 | Lesser Clarity Potion |
| 8:47 | Scroll of Regeneration |
| 9:06 | Holy Light |
| 9:49 | Town Hall |
| 10:46 | Workshop |
| 10:50 | Devotion Aura |
| 10:57 | Farm |
| 10:59 | Farm |
| 11:15 | Peasant |
| 11:16 | Peasant |
| 11:20 | Mortar Team |
| 11:28 | Scroll of Healing |
| 11:28 | Scroll of Protection |
| 13:36 | Mortar Team |
| 13:36 | Mortar Team |
| 13:36 | Mortar Team |
| 14:07 | Storm Bolt |
| 14:08 | Holy Light |
| 14:16 | Peasant |
| 14:16 | Peasant |
| 14:16 | Peasant |
| 14:17 | Peasant |
| 14:18 | Peasant |
| Right click | 562 |
| Select group | 225 |
| Select | 223 |
| Build/train/purchase | 74 |
| Chat | 36 |
| Assign group | 23 |
| Use ability | 22 |
| Item give/drop | 6 |